 Dungeon Crawl Stone Soup version 0.29-a0-356-g7bc237e783 (webtiles) character file.

Game seed: 2687984596410526887

58 spaghetti the Skirmisher (level 3, -1/43 HPs)
             Began as a Demonspawn Berserker on Apr 25, 2022.
             Was a Believer of Trog.
             Slain by a gnoll
             ... wielding a +0 spear
              (7 damage)
             ... on level 2 of the Dungeon.
             The game lasted 00:02:00 (1683 turns).

spaghetti the Skirmisher (Demonspawn Berserker)     Turns: 1683, Time: 00:02:01

Health: -1/43      AC:  2    Str: 17    XL:     3   Next: 76%
Magic:  3/3        EV: 14    Int: 10    God:    Trog [**....]
Gold:   84         SH:  0    Dex: 12    Spells: 2/2 levels left

rFire   . . .      SeeInvis .     - Unarmed
rCold   . . .      Faith    .   (no shield)
rNeg    . . .      Spirit   .   a - +0 animal skin
rPois   .          Reflect  .   (no helmet)
rElec   .          Harm     .   (no cloak)
rCorr   .          Rampage  .   (no gloves)
Will    .....                   (no boots)
Stlth   ..........              (no amulet)
HPRegen 0.14/turn               (no ring)
MPRegen 0.08/turn               (no ring)

@: berserking, very quick
A: repulsion field 1, demonic guardian 1
a: Renounce Religion, Berserk, Trog's Hand


You were on level 2 of the Dungeon.
You worshipped Trog.
Trog was pleased with you.
You visited 1 branch of the dungeon, and saw 2 of its levels.

You collected 84 gold pieces.


Innate Abilities, Weirdness & Mutations

You are surrounded by a mild repulsion field. (EV +2)
A weak demonic guardian rushes to your aid.


   Skills:
 + Level 3.5 Fighting
 + Level 2.4 Armour
 + Level 2.4 Dodging
 + Level 3.1 Unarmed Combat


You had 2 spell levels left.
You didn't know any spells.
Your spell library was empty.

Inventory:

Hand Weapons
 c - a +0 dagger {short}
   (You took it off a kobold on level 1 of the Dungeon)
 e - a +0 club {mace}
   (You took it off a goblin on level 1 of the Dungeon)
 g - a +0 whip {mace}
   (You took it off a kobold on level 1 of the Dungeon)
 i - a +0 short sword {short}
   (You found it on level 1 of the Dungeon)
 k - a +0 short sword {short}
   (You found it on level 1 of the Dungeon)
Missiles
 b - 7 poisoned darts {throwing}
 h - 27 stones (quivered) {throwing}
Armour
 a - a +0 animal skin (worn)
Scrolls
 d - a scroll of brand weapon {unknown}
 f - 2 scrolls of identify {unknown}
 l - a scroll of holy word {unknown}
Potions
 j - 2 potions of heal wounds {unknown}
 m - a potion of mutation {unknown}

Dungeon Overview and Level Annotations

Branches:
Dungeon (2/15)

Altars:

Shops:
D:1

(*(
#######.#######
#.# ..#.#. #.# #
#.#.. #.#
.#.#.####. #.# ##
.#.#..... ... ..
....#.##
#.#####.###......(
.......5...#.#
.....g)@...#.#
####.####..#.#
#..#.# #.####....#
.# #.........# .#
...####)..## .#
#.# #....# .# #.#
#..#.##.# #.#
#..#..#.#


You could see a gnoll (ally target) and a friendly ufetubus (summoned).


Message History

You are no longer berserk.
You are exhausted.
You feel yourself slow down.
You feel sick.
You are no longer poisoned.
You feel yourself speed up.
You recover from your berserk rage.
Unknown command. 😕 HP[+10]
You now have 29 max hp (-14).
You regained 10 hp, and now have 25/29 hp.
Unknown command.
A kobold comes into view. It is wielding a +0 club. 😎 HP[+4]
Your hp is fully restored (29).
A kobold is nearby!
A kobold is nearby!
A kobold is nearby!
The kobold hits you with a +0 club. 😕 HP[-3]
You take 3 damage, and now have 26/29 hp.
You are too injured to fight recklessly!
You are too injured to fight recklessly!
You are too injured to fight recklessly!
You are too injured to fight recklessly!
You are too injured to fight recklessly!
You are too injured to fight recklessly!
You are too injured to fight recklessly!
You are too injured to fight recklessly!
You are too injured to fight recklessly!
You are too injured to fight recklessly!
You are too injured to fight recklessly!
You are too injured to fight recklessly!
You are too injured to fight recklessly!
You are too injured to fight recklessly!
You are too injured to fight recklessly!
You are too injured to fight recklessly!
You are too injured to fight recklessly!
You are too injured to fight recklessly!
You hit the kobold but do no damage. The kobold barely misses you.
You hit the kobold but do no damage. You closely miss the kobold.
The kobold misses you.
You hit the kobold.
You kill the kobold!
Trog accepts your kill.
You see here a +0 club {mace}.
m - a golden potion 😎 HP[+3]
Your hp is fully restored (29).
A gnoll comes into view. It is wielding a +0 flail.
A gnoll is nearby!
A gnoll is nearby! 2 gnolls come into view.
The gnoll shouts! x3
You barely miss the gnoll. You hit the gnoll but do no damage.
The gnoll closely misses you.
You hit the gnoll. The gnoll barely misses you. The gnoll closely misses you.
You closely miss the gnoll. The gnoll closely misses you. The gnoll misses you.
The gnoll hits you with a +0 flail! 😮 HP[-13]
You take 13 damage, and now have 16/29 hp.
MASSIVE DAMAGE!! (PAUSE)
A red film seems to cover your vision as you go berserk!
You feel yourself moving faster!
You feel mighty!
You can no longer call upon Trog for regeneration and willpower.
The gnoll barely misses you. x3 😮 HP[+8]
You now have 43 max hp (+14).
You regained 8 hp, and now have 24/43 hp.
You barely miss the gnoll. The gnoll barely misses you.
The gnoll closely misses you. The gnoll hits you with a +0 flail!
* * * LOW HITPOINT WARNING * * *
😨 HP[-11]
You take 11 damage, and now have 13/43 hp.
MASSIVE DAMAGE!! (PAUSE) Unknown command.
You barely miss the gnoll. You punch the gnoll!
You kill the gnoll!
Trog accepts your kill.
The gnoll hits you from afar with a +0 spear.
* * * LOW HITPOINT WARNING * * *
A demonic guardian appears!
The gnoll completely misses you. 😱 HP[-6]
You take 6 damage, and now have 7/43 hp.
Unknown command.
Unknown command.
You barely miss the gnoll.
Unknown command.
You punch the gnoll! The gnoll closely misses you.
The gnoll hits you from afar with a +0 spear.
* * * LOW HITPOINT WARNING * * *
😱 HP[-1]
You take 1 damage, and now have 6/43 hp.
You punch the gnoll!
You kill the gnoll!
Trog accepts your kill.
You can now call upon Trog for regeneration and willpower.
The gnoll hits you from afar with a +0 spear!
You die...

Skill      XL: |  1  2 |
---------------+-------+-----
Armour         | 2 |  2.4
Dodging        | 2 |  2.4
Unarmed Combat | 3 |  3.1
Fighting       | |  3.5

Action                   || total
-------------------------++-------
Melee: Unarmed           ||   111
       Punch             ||     1
Throw: Stone             ||     2
Invok: Berserk           ||     2
Armor: Animal skin       ||    18
Dodge: Dodged            ||    84

Levels and vault maps discovered:
D:1:      kennysheep_arrival_forest, layout_basic, serial_shops,
          nicolae_square_shop, shop, nicolae_shop_temple_entry_statues_fountains
D:2:      layout_basic, uniq_terence

Notes
Turn   | Place    | Note
-------+----------+-------------------------------------------
     0 | D:1      | spaghetti the Demonspawn Berserker began the quest for the
                  | Orb.
     0 | D:1      | Reached XP level 1. HP: 18/18 MP: 1/1
     0 | D:1      | magus.rc [v1.9.6]
   393 | D:1      | Reached skill level 2 in Armour
   393 | D:1      | Reached skill level 2 in Dodging
   438 | D:1      | Found Ochim's Assorted Antiques.
   438 | D:1      | Found Tiufroja's Weapon Shop.
   448 | D:1      | Gained mutation: A weak demonic guardian rushes to your
                  | aid. [demonic ancestry]
   448 | D:1      | Reached XP level 2. HP: 24/24 MP: 2/2
   954 | D:1      | Found Qegurup's Weapon Shop.
  1076 | D:1      | Reached skill level 3 in Unarmed Combat
  1233 | D:2      | Gained mutation: You are surrounded by a mild repulsion
                  | field. (EV +2) [demonic ancestry]
  1233 | D:2      | Reached XP level 3. HP: 24/29 MP: 3/3
  1238 | D:2      | Reached ** piety under Trog
  1393 | D:2      | HP: 7/29 [poisoned by an adder]
  1680 | D:2      | HP: 7/43 [gnoll/+0 spear (6)]
  1683 | D:2      | Slain by a gnoll

Vanquished Creatures
  2 gnolls (D:2)
  2 adders (D:2)
  2 endoplasms (D:1)
  3 giant cockroaches
  2 goblins
  4 hobgoblins (D:1)
  4 quokkas (D:1)
  3 ball pythons (D:1)
  A frilled lizard (D:2)
  3 kobolds
  4 rats
30 creatures vanquished.

Vanquished Creatures (collateral kills)
  A bat (D:1)
1 creature vanquished.

Grand Total: 31 creatures vanquished

Table legend:
 A = Non-vault XP
 B = Vault XP
 C = Vault XP percentage of total XP
 D = Non-vault monster count
 E = Vault monster count
 F = Vault count percentage of total count
                 A         B        C        D         E       F
            +---------+---------+-------+---------+---------+-------
      Total |      98 |       0 |   0.0 |      31 |       0 |   0.0
            +---------+---------+-------+---------+---------+-------
        D:1 |      35 |       0 |   0.0 |      20 |       0 |   0.0
        D:2 |      63 |       0 |   0.0 |      11 |       0 |   0.0
            +---------+---------+-------+---------+---------+-------

Illustrated notes

Table legend:
 A = Kills in this place as a percentage of kills in entire the game.
 B = Kills by you in this place as a percentage of kills by you in the entire game.
 C = Kills by friends in this place as a percentage of kills by friends in the entire game.
 D = Other kills in this place as a percentage of other kills in the entire game.
 E = Experience gained in this place as a percentage of experience gained in the entire game.
 F = Experience gained in this place divided by the number of levels of this place that you have seen.
                   A       B       C       D       E      F
               +-------+-------+-------+-------+-------+----------------------
         Total | 100.0 | 100.0 | 100.0 |   N/A | 100.0 |  49.0
       Dungeon | 100.0 | 100.0 | 100.0 |   N/A | 100.0 |  49.0
               +-------+-------+-------+-------+-------+----------------------

Table legend: (Time is in decaauts)
 A = Elapsed time spent in this place.
 B = Non-inter-level travel time spent in this place.
 C = Inter-level travel time spent in this place.
 D = Time resting spent in this place.
 E = Time spent auto-exploring this place.
 F = Levels seen in this place.
 G = Mean time per level.
                   A        B        C        D        E       F      G
               +--------+--------+--------+--------+--------+-----+--------+
         Total |   1686 |   1608 |     78 |    365 |   1020 |   2 |  843.0 |
       Dungeon |   1686 |   1608 |     78 |    365 |   1020 |   2 |  843.0 |
               +--------+--------+--------+--------+--------+-----+--------+

Top non-repeatable levels by time:
     D:1: 1155 daAuts
     D:2: 531 daAuts
